 Dungeon Crawl Stone Soup version 0.19.0-2-gae57169 (webtiles) character file.

24041 Djon the Bludgeoner (level 12, -1/121 HPs)
             Began as a Minotaur Berserker on Nov 5, 2016.
             Was a High Priest of Trog.
             Slain by Sonja
             ... wielding a +0 dagger of distortion
              (13 damage)
             ... on level 12 of the Dungeon.
             The game lasted 00:23:34 (11983 turns).

Djon the Bludgeoner (Minotaur Berserker)           Turns: 11983, Time: 00:23:37

Health: -1/121     AC: 21    Str: 24    XL:     12   Next: 77%
Magic:  11/11      EV:  7    Int:  8    God:    Trog [*****.]
Gold:   894        SH:  8    Dex: 11    Spells: 0 memorised, 11 levels left

rFire  + . .     SeeInvis .     v - +4 flail
rCold  . . .     Gourm    .     y - +0 plate armour
rNeg   . . .     Faith    .     n - +1 buckler
rPois  +         Spirit   .     (helmet restricted)
rElec  +         Reflect  +     M - +0 cloak {rPois}
rCorr  .         Harm     .     w - +1 pair of gloves of Failure {*Contam rElec Dex+4 Slay+2}
MR     +....     Rnd*Tele +     a - +0 pair of boots
Stlth  ..........               i - +4 amulet of reflection
                                z - ring of protection from fire
                                r - ring of protection from magic

@: exhausted, very slightly contaminated, slowed, very slow
A: retaliatory headbutt, horns 2, clumsy 1, teleportitis 1, subdued magic 2
a: Berserk, Trog's Hand, Brothers in Arms, Burn Spellbooks, Renounce Religion


You were on level 12 of the Dungeon.
You worshipped Trog.
Trog was extremely pleased with you.
You were very hungry.

You visited 1 branch of the dungeon, and saw 12 of its levels.
You visited the Abyss 1 time.

You collected 894 gold pieces.

Inventory:

Hand Weapons
 v - a +4 flail (weapon)
Missiles
 F - a javelin of returning (quivered)
Armour
 a - a +0 pair of boots (worn)
 n - a +1 buckler (worn)
 w - the +1 pair of gloves of Failure (worn) {*Contam rElec Dex+4 Slay+2}
   (You found it on level 4 of the Dungeon)

   It affects your dexterity (+4).
   It affects your accuracy and damage with ranged weapons and melee attacks
   (+2).
   It insulates you from electricity.
   It causes magical contamination when unequipped.
 y - a +0 plate armour (worn)
 M - a +0 cloak of poison resistance (worn)
Jewellery
 i - a +4 amulet of reflection (around neck)
 r - a ring of protection from magic (left hand)
 z - a ring of protection from fire (right hand)
Wands
 b - a wand of iceblast (11/15)
 u - a wand of disintegration (13/24)
 A - a wand of digging (9/24)
 G - a wand of lightning (10/15)
 I - a wand of iceblast (6/15)
Scrolls
 g - a scroll of enchant weapon
 k - 10 scrolls of remove curse
 l - 5 scrolls of teleportation
 t - 2 scrolls of blinking
 E - 3 scrolls of fear
 H - a scroll of fog
 K - 2 scrolls of identify
Potions
 e - a potion of ambrosia
 j - 6 potions of curing
 p - 2 potions of lignification
 s - a potion of berserk rage
 x - 2 potions of might
 B - a potion of cancellation
 C - a potion of flight
 D - 4 potions of brilliance
 J - a potion of heal wounds
Comestibles
 c - 11 bread rations
 d - 5 meat rations
 f - 5 beef jerkies
 h - a royal jelly
 o - 4 fruits
 L - 9 slices of pizza


   Skills:
 + Level 15.5 Fighting
 - Level 16.0 Maces & Flails
 - Level 12.0 Armour
 - Level 2.1 Dodging


You had 11 spell levels left.
You didn't know any spells.

Dungeon Overview and Level Annotations

Branches:
Dungeon (12/15)            Temple (0/1) D:6            Lair (0/6) D:11
    Orc (0/2) D:12

Altars:
Ashenzari
Fedhas
Nemelex Xobeh
Vehumet
The Shining One

Annotations:
D:12 Sonja


Innate Abilities, Weirdness & Mutations

You reflexively headbutt those who attack you in melee.
You have a pair of horns on your head.
You are clumsy. (Dex -2)
You are occasionally teleported next to monsters.
Your spells are easier to cast, but less powerful.


Message History

Space bends around you. Sonja hits you but does no damage.
Space warps horribly around you!
Sonja shouts, "Too slow!"
Sonja hits you but does no damage. Space warps horribly around you!
* * * LOW HITPOINT WARNING * * *
You block Sonja's attack.
Sonja hits you with an uncursed dagger of distortion.
* * * LOW HITPOINT WARNING * * *
You resist the pull of the Abyss.
Okay, then.
Blink to where?
Press: ? - help, Dir - move target cursor
As you read the scroll of blinking, it crumbles to dust.
You completely miss Sonja. You headbutt Sonja, but do no damage.
Sonja hits you with an uncursed dagger of distortion.
* * * LOW HITPOINT WARNING * * *
Space warps horribly around you!
* * * LOW HITPOINT WARNING * * *
Sonja hits you but does no damage. Space warps horribly around you!
You die...

... ..........).. ###.#
######.##### ...# ..#§# #..# ...#
#.#.# ##### ##.# ...#
#.............# #.# ...#
#.#K#########.####.## ...#
#.#.#<.....#........#
##...#.##.#.#.######.#........#
(#...#.........K@....#........##
.....####.#.#(########.........#
.##K......#.#.# ##)######.## .#
..... #.#.# #.# ##..# .# ..###
#.#.#########.# ≈≈≈≈≈≈ .# . .#
#..........##.# ≈≈≈≈≈≈ .. ..
#..........##.###≈≈≈≈≈≈
###########..........##.#≈≈≈≈≈≈≈≈
........)............##.≈≈≈≈≈≈≈≈≈


You could see Sonja.

Vanquished Creatures
  A rakshasa (Abyss:2)
  The ghost of
  100101001 the Blocker, a journeyman GrFi of Gozag (D:11)
  2 thrashing horrors (Abyss:2)
  4 skeletal warriors (D:12)
  4 unseen horrors
  The ghost of Thraspic the Basher, a novice VSGl of Elyvilon (D:9)
  A hill giant (D:10)
  A large abomination (Abyss:2)
  A mana viper (Abyss:2)
  An ugly thing (D:12)
  2 manticores (D:12)
  Maurice (D:12)
  A gargoyle (D:12)
  A smoke demon (Abyss:2)
  A centaur skeleton (D:11)
  2 kobold demonologists (D:12)
  A tormentor (Abyss:1)
  A hellwing (Abyss:2)
  A two-headed ogre (D:12)
  A hornet (D:12)
  A raiju (Abyss:2)
  A shadow (D:12)
  A starcursed mass (Abyss:2)
  10 yaks
  A water elemental (D:12)
  2 wyverns
  A basilisk (D:11)
  A human (D:8)
  3 hogs (D:8)
  A chaos spawn (Abyss:2)
  A yak (shapeshifter) (Abyss:1)
  A soldier ant (D:12)
  Menkaure (D:6)
  4 orc warriors
  3 ice beasts
  2 black bears
  2 sky beasts (D:9)
  8 ogres
  4 phantoms
  12 centaurs
  A necrophage (D:11)
  5 big kobolds
  4 bullfrogs
  2 gnoll sergeants
  4 scorpions
  14 killer bees
  4 wights (D:10)
  5 howler monkeys
  4 crimson imps
  A bullfrog zombie (D:5)
  4 hounds
  3 small abominations (Abyss:2)
  3 orc priests
  2 gnoll shamans (D:5)
  2 jellies
  4 orc wizards
  A bullfrog skeleton (D:9)
  5 iguanas
  9 worker ants
  Robin (D:4)
  15 adders
  39 gnolls
  2 shadow imps
  A white imp (Abyss:1)
  An ooze (D:5)
  An adder zombie (D:7)
  An adder skeleton (D:4)
  2 dart slugs
  A leopard gecko (D:3)
  22 orcs
  16 bats
  3 giant cockroaches
  17 goblins
  12 hobgoblins
  24 jackals (D:5)
  24 kobolds
  6 quokkas
  4 ball pythons
  4 frilled lizards
  A quokka skeleton (D:8)
  A quokka zombie (D:5)
  8 rats
372 creatures vanquished.

Vanquished Creatures (collateral kills)
  A tentacled starspawn (Abyss:2)
  A starcursed mass (Abyss:2)
  A smoke demon (Abyss:2)
  An efreet (Abyss:2)
  2 hellwings (Abyss:2)
6 creatures vanquished.

Vanquished Creatures (others)
  A centaur (D:12)
1 creature vanquished.

Grand Total: 379 creatures vanquished

Notes
Turn   | Place    | Note
-------+----------+-------------------------------------------
     0 | D:1      | Djon the Minotaur Berserker began the quest for the Orb.
     0 | D:1      | Reached XP level 1. HP: 19/19 MP: 0/0
   316 | D:1      | Reached skill level 4 in Maces & Flails
   391 | D:1      | Reached XP level 2. HP: 27/27 MP: 1/1
   696 | D:1      | Reached XP level 3. HP: 25/33 MP: 2/2
  1043 | D:2      | Reached skill level 5 in Maces & Flails
  1058 | D:2      | Found a blossoming altar of Fedhas.
  1062 | D:2      | Reached ** piety under Trog
  1435 | D:2      | Reached XP level 4. HP: 36/40 MP: 3/3
  2454 | D:4      | Reached skill level 6 in Maces & Flails
  2627 | D:4      | Reached XP level 5. HP: 45/47 MP: 4/4
  2628 | D:4      | Noticed a phantom
  2634 | D:4      | Killed a phantom
  2634 | D:4      | Reached skill level 5 in Fighting
  2836 | D:4      | Noticed Robin
  2844 | D:4      | Killed Robin
  2844 | D:4      | Reached *** piety under Trog
  2886 | D:4      | Got a pair of twisted gloves
  2893 | D:4      | Identified the +1 pair of gloves of Failure {*Contam rElec Dex+4 Slay+2} (You found it on level 4 of the Dungeon)
  2936 | D:4      | Reached skill level 7 in Maces & Flails
  2936 | D:4      | Reached XP level 6. HP: 53/56 MP: 5/5
  3251 | D:5      | Entered Level 5 of the Dungeon
  3605 | D:5      | Reached skill level 8 in Maces & Flails
  3632 | D:5      | Reached XP level 7. HP: 63/63 MP: 6/6
  3968 | D:5      | Reached skill level 9 in Maces & Flails
  4098 | D:5      | Reached **** piety under Trog
  4427 | D:5      | Reached XP level 8. HP: 65/73 MP: 7/7
  4467 | D:5      | Reached skill level 10 in Maces & Flails
  4838 | D:6      | Noticed Menkaure
  4844 | D:6      | Killed Menkaure
  4844 | D:6      | Reached skill level 11 in Maces & Flails
  4880 | D:6      | Found a shattered altar of Ashenzari.
  4999 | D:6      | Found a staircase to the Ecumenical Temple.
  5027 | D:6      | Reached ***** piety under Trog
  5028 | D:6      | Found a radiant altar of Vehumet.
  5269 | D:7      | Received a gift from Trog
  5295 | D:7      | Reached XP level 9. HP: 66/82 MP: 8/8
  5336 | D:7      | Reached skill level 12 in Maces & Flails
  6050 | D:8      | Found a sparkling altar of Nemelex Xobeh.
  6392 | D:8      | Reached skill level 13 in Maces & Flails
  6395 | D:8      | Reached skill level 10 in Fighting
  6503 | D:8      | Found a glowing golden altar of the Shining One.
  6680 | D:9      | Gained mutation: Your spells are a little easier to cast, but a little less powerful. [mutagenic meat]
  6681 | D:9      | Gained mutation: Your mind is acute. (Int +2) [mutagenic meat]
  6682 | D:9      | Gained mutation: You are occasionally teleported next to monsters. [mutagenic meat]
  6683 | D:9      | Gained mutation: Your spells are easier to cast, but less powerful. [mutagenic meat]
  6684 | D:9      | Lost mutation: Your mind is acute. (Int +2) [mutagenic meat]
  6846 | D:9      | Reached XP level 10. HP: 91/94 MP: 9/9
  6876 | D:9      | Reached skill level 14 in Maces & Flails
  7292 | D:9      | Noticed Thraspic's ghost (novice VSGl)
  7298 | D:9      | Killed Thraspic's ghost
  7772 | D:10     | Entered Level 10 of the Dungeon
  7878 | D:10     | Reached skill level 15 in Maces & Flails
  7934 | D:10     | Reached skill level 5 in Armour
  8062 | D:10     | Received a gift from Trog
  8334 | D:10     | Noticed a hill giant
  8344 | D:10     | Killed a hill giant
  8637 | D:11     | Reached XP level 11. HP: 92/101 MP: 10/10
  8667 | D:11     | Found a staircase to the Lair.
  8864 | D:11     | Reached skill level 16 in Maces & Flails
  8901 | D:11     | Noticed 100101001's ghost (journeyman GrFi)
  8915 | D:11     | Killed 100101001's ghost
  9172 | D:11     | Killed an unseen horror
  9529 | D:12     | Noticed Maurice
  9553 | D:12     | Killed Maurice
  9554 | D:12     | Reached skill level 10 in Armour
 10237 | D:12     | Killed an unseen horror
 10505 | D:12     | Received a gift from Trog
 10566 | D:12     | Found a staircase to the Orcish Mines.
 10619 | D:12     | Noticed a white ugly thing
 10629 | D:12     | Killed a white ugly thing
 10768 | D:12     | Killed an unseen horror
 10768 | D:12     | Reached XP level 12. HP: 111/111 MP: 11/11
 11193 | D:12     | Noticed Sonja
 11246 | D:12     | Cast into level 1 of the Abyss (Sonja)
 11280 | Abyss:1  | Noticed a tentacled starspawn
 11429 | Abyss:2  | Found a corrupted altar of Lugonu.
 11430 | Abyss:2  | Noticed a rakshasa
 11467 | Abyss:2  | Killed a rakshasa
 11473 | Abyss:2  | Gained mutation: You are clumsy. (Dex -2) [mutagenic glow]
 11477 | Abyss:2  | Found a corrupted altar of Lugonu.
 11957 | Abyss:2  | Noticed a starcursed mass
 11966 | Abyss:2  | Reached skill level 15 in Fighting
 11974 | Abyss:2  | Killed a starcursed mass
 11975 | Abyss:2  | Noticed a tentacled starspawn
 11975 | Abyss:2  | Killed a tentacled starspawn
 11979 | D:12     | Escaped the Abyss
 11983 | D:12     | Slain by Sonja

Skill      XL: |  1  2  3  4  5  6  7  8  9 10 11 12 |
---------------+-------------------------------------+-----
Maces & Flails | 4 5 6 7 8 9 11 13 15 16 | 16.0
Fighting       | 4 5 6 7 8 10 11 15 | 15.5
Armour         | 6 12 | 12.0
Dodging        | |  2.1

Action                   |  1- 3 |  4- 6 |  7- 9 | 10-12 || total
-------------------------+-------+-------+-------+-------++-------
Melee: Mace              |    59 |    45 |       |       ||   104
       Headbutt          |    10 |    21 |    66 |   119 ||   216
       Whip              |    30 |       |       |       ||    30
       Flail             |       |    85 |   296 |   524 ||   905
Throw: Throwing net      |       |       |       |     2 ||     2
       Javelin           |       |       |       |     1 ||     1
Invok: Berserk           |     2 |     2 |     2 |    14 ||    20
       Trog's Hand       |       |       |       |     2 ||     2
       Brothers in Arms  |       |       |       |     2 ||     2
  Use: Scroll            |       |     1 |    18 |     6 ||    25
       Potion            |       |       |       |     2 ||     2
  Eat: Chunk             |     3 |    10 |    17 |    20 ||    50
       Meat ration       |       |       |       |     2 ||     2
Armor: Animal skin       |     1 |       |       |       ||     1
       Leather armour    |    19 |    12 |       |       ||    31
       Scale mail        |       |    29 |    70 |     1 ||   100
       Plate armour      |       |       |       |   345 ||   345
Dodge: Dodged            |    69 |    85 |   112 |   117 ||   383
Block: Other             |       |    15 |    32 |       ||    47
       Buckler           |       |       |    15 |   180 ||   195
       Reflection        |       |       |     5 |    10 ||    15
